 Dungeon Crawl Stone Soup version 0.20.0-15-g7f486f2 (webtiles) character file.

37 HeyBub the Grasshopper (level 3, 0/30 HPs)
             Began as a Centaur Warper on June 24, 2017.
             Slain by a gnoll
             ... wielding a +0 spear
              (6 damage)
             ... on level 2 of the Dungeon.
             The game lasted 00:02:19 (1016 turns).

HeyBub the Grasshopper (Centaur Warper)             Turns: 1016, Time: 00:02:19

Health: 0/30       AC:  4    Str: 13    XL:     3   Next: 23%
Magic:  5/5        EV:  9    Int: 12    God:
Gold:   13         SH:  0    Dex:  9    Spells: 3/5 levels left

rFire    . . .     SeeInvis .   g - +0 hunting sling
rCold    . . .     Gourm    .   (no shield)
rNeg     . . .     Faith    .   b - +0 leather armour
rPois    .         Spirit   .   (no helmet)
rElec    .         Reflect  .   (no cloak)
rCorr    .         Harm     .   (no gloves)
MR       .....                  (no barding)
Stlth    ..........             (no amulet)
Regen    0.1/turn               (no ring)
MPRegen  0.1/turn               (no ring)

@: very quick
A: hooves 3, deformed body, speed 2, tough skin 3
a: no special abilities


You were on level 2 of the Dungeon.
You were not hungry.

You visited 1 branch of the dungeon, and saw 2 of its levels.

You collected 13 gold pieces.

Inventory:

Hand Weapons
 a - a +0 spear
 g - a +0 hunting sling (weapon)
 n - a +0 hand axe of venom
Missiles
 e - 9 tomahawks of dispersal
 h - 27 arrows
 i - 32 stones (quivered)
Armour
 b - a +0 leather armour (worn)
Scrolls
 d - a scroll of blinking
 j - a scroll of remove curse {unknown}
 m - a scroll of enchant armour {unknown}
Potions
 l - a potion of brilliance {unknown}
 o - a potion of heal wounds {unknown}
Books
 c - a book of Spatial Translocations

   Spells                             Type                      Level
   a - Blink                          Translocation                2
   b - Shroud of Golubria             Charms/Translocation         2
   c - Lesser Beckoning               Translocation                3
   d - Gell's Gravitas                Translocation                3
   e - Teleport Other                 Translocation                3
   f - Passage of Golubria            Translocation                4
Comestibles
 f - a bread ration
 p - a meat ration


   Skills:
 + Level 2.4 Fighting
 + Level 2.2 Polearms
 + Level 0.9(1.2) Slings
 + Level 1.1(1.2) Throwing
 + Level 0.8 Armour
 + Level 1.6 Dodging
 + Level 1.7 Spellcasting
 + Level 2.7 Translocations


You had 3 spell levels left.
You knew the following spells:

 Your Spells              Type           Power        Failure   Level  Hunger
a - Blink                 Tloc           N/A          17%         2    ###....


Dungeon Overview and Level Annotations

Branches:
Dungeon (2/15)

Altars:


Innate Abilities, Weirdness & Mutations

You have hooves in place of feet.
Armour fits poorly on your strangely shaped body.
You cover ground very quickly.
You have extremely tough skin. (AC +3)


Message History

The gnoll barely misses you.
Firing (i - inventory. (,) - cycle):
i - 35 stones (quivered)
Press: ? - help, Shift-Dir - straight line, f/p - jackal
Aim: a jackal (almost dead)
You shoot a stone. The stone hits the jackal.
You kill the jackal!
The gnoll closely misses you.
Firing (i - inventory. (,) - cycle):
i - 34 stones (quivered)
Press: ? - help, Shift-Dir - straight line, f - gnoll
Aim: a gnoll, wielding a spear You shoot a stone.
The stone hits the gnoll but does no damage.
The gnoll hits you but does no damage.
Firing (i - inventory. (,) - cycle):
i - 33 stones (quivered)
Press: ? - help, Shift-Dir - straight line, f/p - gnoll
Aim: a gnoll, wielding a spear You shoot a stone.
The stone hits the gnoll.
The gnoll is moderately wounded.
The gnoll hits you from afar with a spear.
You die...

###### #.@((#
#.##g# ##.. #.##
#..# #..#
......##.# #
.###.#..#.## #.. #
# #..w.# ..#
##.#.#########.##
.###<..............


You could see a gnoll.

Vanquished Creatures
  A worm (D:2)
  5 dart slugs
  A leopard gecko (D:1)
  A giant cockroach (D:1)
  2 goblins
  A hobgoblin (D:2)
  5 jackals
  2 bats
  2 kobolds (D:1)
  3 rats
23 creatures vanquished.

Notes
Turn   | Place    | Note
-------+----------+-------------------------------------------
     0 | D:1      | HeyBub the Centaur Warper began the quest for the Orb.
     0 | D:1      | Reached XP level 1. HP: 17/17 MP: 3/3
   211 | D:1      | Reached XP level 2. HP: 24/24 MP: 4/4
   286 | D:1      | Learned a level 2 spell: Blink
   915 | D:2      | Reached XP level 3. HP: 27/30 MP: 5/5
  1016 | D:2      | Slain by a gnoll

Skill      XL: |  1 |
---------------+----+-----
Polearms       | 2 |  2.2
Fighting       | |  2.4
Slings         | |  0.9
Throwing       | |  1.1
Armour         | |  0.8
Dodging        | |  1.6
Spellcasting   | |  1.7
Translocations | |  2.7

Action                   || total
-------------------------++-------
Melee: Spear             ||    19
       Kick              ||     3
 Fire: Hunting sling     ||    76
 Cast: Blink             ||     3
  Use: Potion            ||     2
Armor: Leather armour    ||    20
Dodge: Dodged            ||    24
